[Event "Wednesday Jan 31 Engine Tour 9 Rd Swiss 12m+1s Starts at 1600hrs ST"]
[Site "Infinity Chess"]
[Date "2018.1.31"]
[Round "7"]
[White "Dovahkiin"]
[Black "ivrdurant"]
[Result "1/2-1/2"]
[ECO "C55"]
[WhiteElo "2358"]
[BlackElo "2385"]
[WhiteEngine "BrainFish_180128_x64_modern_CTG"]
[BlackEngine "Raubfisch X37c_CTG"]
[EventType "Swiss"]
[WhiteTeam ""]
[BlackTeam ""]
[PlyCount "86"]
[TimeControl "720+1"]

1. e4 e5 2. Nf3 Nc6 3. Bc4 Nf6 4. d3 Bc5 5. O-O d6 6. c3 O-O 7. Re1 a5 8. Bb3 h6 
9. h3 Re8 10. a4 Rb8 11. Bc4 Be6 12. Bxe6 Rxe6 13. d4 exd4 14. cxd4 Bb4 
15. d5 Bxe1 16. Nxe1 Re8 17. dxc6 bxc6 18. e5 Qe7 19. Nf3 dxe5 20. Na3 e4 
21. Ne1 Qb4 22. Nac2 Qd6 23. Ne3 Qxd1 24. Nxd1 Red8 25. Bf4 Nd5 26. Bd2 Nb4 
27. Bc3 f5 28. g3 g5 29. Ne3 f4 30. Ng4 fxg3 31. f3 Nd5 32. Nxh6+ Kf8 
33. fxe4 Nxc3 34. bxc3 Rb2 35. Nf5 Rdd2 36. Nf3 Rg2+ 37. Kh1 Rgf2 38. Nxg5 Rh2+ 
39. Kg1 Rbg2+ 40. Kf1 Rf2+ 41. Kg1 Rfg2+ 42. Kf1 Rf2+ 43. Kg1 Rfg2+ 1/2-1/2

[Event "Wednesday Jan 31 Engine Tour 9 Rd Swiss 12m+1s Starts at 1600hrs ST"]
[Site "Infinity Chess"]
[Date "2018.1.31"]
[Round "7"]
[White "Dinkelberger"]
[Black "Ryzen"]
[Result "1/2-1/2"]
[ECO "B01"]
[WhiteElo "2379"]
[BlackElo "2389"]
[WhiteEngine "stockfish_18013111_x64_modern_CTG"]
[BlackEngine "Houdini 6"]
[EventType "Swiss"]
[WhiteTeam ""]
[BlackTeam ""]
[PlyCount "301"]
[TimeControl "720+1"]

1. e4 d5 2. exd5 Qxd5 3. Nc3 Qa5 4. d4 Nf6 5. a3 Bg4 6. f3 Bf5 7. b4 Qb6 
8. Na4 Qe6+ 9. Ne2 Nbd7 10. Kf2 a6 11. Ng3 g6 12. c4 Bg7 13. Bb2 O-O 
14. Qd2 Rfe8 15. Be2 Qd6 16. c5 Qc6 17. Nc3 Nd5 18. Nxd5 Qxd5 19. Rac1 Nf6 
20. Rhd1 e6 21. Kg1 Qd8 22. Bc4 Nd5 23. Ne4 g5 24. Re1 h6 25. Bb3 Bg6 26. g3 Qb8 
27. Nf2 c6 28. Ng4 a5 29. Bxd5 exd5 30. bxa5 Qc7 31. Bc3 f6 32. Rxe8+ Rxe8 
33. Re1 Rxe1+ 34. Qxe1 Qd7 35. Nf2 Qf5 36. Qd1 h5 37. Bd2 Qb1 38. Qxb1 Bxb1 
39. Be3 Kf7 40. Kf1 Ba2 41. Ke2 Bc4+ 42. Nd3 Ke6 43. Bf2 Bf8 44. Ke3 Bg7 
45. Be1 Bh6 46. Nb2 g4+ 47. f4 Bf8 48. Na4 f5 49. Nb6 Be7 50. Nc8 Bd8 
51. Nd6 Ba6 52. Bb4 h4 53. Kf2 h3 54. Bd2 Bc7 55. Nc8 Bd3 56. Ke3 Bc4 
57. Nb6 Bf1 58. Na8 Bb8 59. Nb6 Ba6 60. Na4 Bc4 61. Nb6 Ba6 62. Bc1 Ba7 
63. Kf2 Kf6 64. Nd7+ Ke6 65. Ne5 Bb8 66. Bd2 Bc7 67. Ke3 Bb5 68. Bc3 Ba6 
69. Ng6 Bc4 70. Ne5 Ba6 71. Be1 Bd8 72. Bd2 Bc7 73. Bc3 Bd8 74. Bb4 Bf6 
75. Bd2 Be7 76. Kf2 Bd8 77. Bc3 Bf6 78. Bb4 Bg7 79. Ke1 Bh8 80. Kf2 Bg7 
81. Be1 Bf6 82. Kg1 Bb5 83. Bb4 Bc4 84. Bc3 Ba6 85. Kf2 Bd8 86. Bb4 Be7 
87. Ke3 Bf6 88. Bd2 Be7 89. Bc3 Bd8 90. Ng6 Kf6 91. Nf8 Bc4 92. Kf2 Kf7 
93. Nd7 Bc7 94. Ne5+ Ke6 95. Ke1 Bb5 96. Kd2 Ba6 97. Kc2 Bf1 98. Kb1 Bb5 
99. Kc2 Ba6 100. Kb3 Be2 101. a4 Bf1 102. Kc2 Bc4 103. Be1 Ba6 104. Nd3 Bd8 
105. Bb4 Bf6 106. Ne5 Bg7 107. Kc3 Be2 108. Ba3 Bf6 109. Kd2 Bc4 110. Kc3 Bd8 
111. Ng6 Bxa5+ 112. Bb4 Bc7 113. Kc2 Kf6 114. Ne5 Ba6 115. Kc3 Ke6 116. Ng6 Bf1 
117. Ne5 Ke7 118. Kc2 Ke8 119. Kd2 Bc4 120. Kc2 Ke7 121. Bc3 Ba6 122. Bb4 Bd8 
123. Be1 Be2 124. Bb4 Kf6 125. Bc3 Bc7 126. Bd2 Ke6 127. Bb4 Bd8 128. Be1 Bf1 
129. Bc3 Kf6 130. Bd2 Kg7 131. Nd7 Kf7 132. Nb6 Ke6 133. Nc8 Bc7 134. a5 Be2 
135. Be1 Bf3 136. Nd6 Bxd6 137. cxd6 Kxd6 138. Bb4+ c5 139. dxc5+ Kd7 
140. Kc3 Be4 141. Kd4 Kc6 142. Kc3 Kb5 143. Kd4 Bf3 144. Bd2 Be4 145. Bb4 Bf3 
146. Bc3 Be4 147. Bd2 Bf3 148. Ke5 Be4 149. Kd4 Bf3 150. Be1 Be4 151. Bb4 
1/2-1/2

[Event "Wednesday Jan 31 Engine Tour 9 Rd Swiss 12m+1s Starts at 1600hrs ST"]
[Site "Infinity Chess"]
[Date "2018.1.31"]
[Round "7"]
[White "BraveDevil"]
[Black "Vimtiroba"]
[Result "1/2-1/2 "]
[ECO "C52"]
[WhiteElo "2400"]
[BlackElo "2461"]
[WhiteEngine "Cryptic Heroes V4.2"]
[BlackEngine "SF@J30 cc_CTG"]
[EventType "Swiss"]
[WhiteTeam ""]
[BlackTeam ""]
[PlyCount "151"]
[TimeControl "720+1"]

1. e4 e5 2. Nf3 Nc6 3. Bc4 Bc5 4. b4 Bxb4 5. c3 Ba5 6. d4 d6 7. Qb3 Qd7 
8. O-O Bb6 9. Nbd2 Na5 10. Qc2 exd4 11. cxd4 Ne7 12. Re1 O-O 13. Bf1 h6 
14. Rb1 Qd8 15. Bb2 c6 16. h3 Be6 17. Bc3 Rb8 18. Bd3 Ng6 19. d5 cxd5 
20. exd5 Bxd5 21. Rb5 Bxf3 22. Nxf3 Rc8 23. Qb2 Ne5 24. Nxe5 dxe5 25. Rd1 Nc4 
26. Bh7+ Kxh7 27. Qc2+ Kg8 28. Rxd8 Rfxd8 29. Qe2 Bd4 30. Be1 Rd7 31. Qf3 Nb6 
32. Bd2 Rcc7 33. Kh2 Kh7 34. h4 a6 35. Rb3 Nc4 36. Bc3 Bxc3 37. Rxc3 Rd4 
38. Qh3 g6 39. Rd3 Rxd3 40. Qxd3 Kg7 41. h5 gxh5 42. Qf5 Re7 43. Qxh5 Nd6 
44. Qg4+ Kf8 45. Qh4 Re6 46. Qd8+ Kg7 47. a4 Rf6 48. Kg1 Re6 49. Qb6 Kf6 
50. a5 Kf5 51. Qb3 e4 52. Qd5+ Kg6 53. Qc5 Kf6 54. Kf1 Kg6 55. Qd5 Rf6 
56. Qe5 Re6 57. Qd5 Kf6 58. Qc5 Kg6 59. Qb6 Rf6 60. Qb3 Re6 61. Qc3 Nf5 
62. Qb4 Nd6 63. Kg1 Kg5 64. Kf1 Kh5 65. Kg1 Kg6 66. Qd2 Nf5 67. Qb4 Nd6 
68. Qc5 Rf6 69. Qd4 Kg5 70. Kh2 Re6 71. Kg1 Kf5 72. Kh2 Kg6 73. Qd5 Kh7 
74. Kh3 Kg8 75. Kh2 Rg6 76. Qc5 1/2-1/2

[Event "Wednesday Jan 31 Engine Tour 9 Rd Swiss 12m+1s Starts at 1600hrs ST"]
[Site "Infinity Chess"]
[Date "2018.1.31"]
[Round "7"]
[White "Cepri"]
[Black "RonWeasley"]
[Result "1/2-1/2"]
[ECO "C11"]
[WhiteElo "2423"]
[BlackElo "2467"]
[WhiteEngine "asmFishW_07N17_CTG"]
[BlackEngine "BrainFish 060118_CTG"]
[EventType "Swiss"]
[WhiteTeam ""]
[BlackTeam ""]
[PlyCount "119"]
[TimeControl "720+1"]

1. e4 e6 2. d4 d5 3. Nc3 Nf6 4. e5 Nfd7 5. f4 c5 6. Nf3 Nc6 7. Be3 cxd4 
8. Nxd4 Qb6 9. Qd2 Qxb2 10. Rb1 Qa3 11. Bb5 Nxd4 12. Bxd4 a6 13. Bxd7+ Bxd7 
14. Rb3 Qe7 15. Rxb7 Rc8 16. O-O Qd8 17. f5 exf5 18. Qd3 Bc5 19. Bxc5 Rxc5 
20. Nxd5 Bc8 21. Re7+ Kf8 22. Qa3 Qa5 23. Qxa5 Rxa5 24. Rc7 Be6 25. Nf4 Rxe5 
26. Nxe6+ Rxe6 27. Rxf5 Re7 28. Rc8+ Re8 29. Rfc5 Ke7 30. R8c6 g6 31. h3 Kf8 
32. a4 Kg7 33. Rxa6 Re1+ 34. Kf2 Rhe8 35. Rc3 R8e2+ 36. Kf3 Rd2 37. Ra8 Rf1+ 
38. Ke4 f5+ 39. Ke3 Rxg2 40. Rc7+ Kh6 41. Rh8 f4+ 42. Kd4 Kg5 43. Rhxh7 Rd1+ 
44. Kc3 Rg3+ 45. Kb4 f3 46. Rc4 Rb1+ 47. Ka5 Kf6 48. Rf4+ Ke5 49. Rhf7 Rxh3 
50. Rxf3 Rxf3 51. Rxf3 g5 52. Rf7 g4 53. Rg7 Kf4 54. Rf7+ Ke3 55. Rg7 Kf3 
56. Rf7+ Ke2 57. Re7+ Kf3 58. Rf7+ Ke2 59. Re7+ Kf3 60. Rf7+ 1/2-1/2

[Event "Wednesday Jan 31 Engine Tour 9 Rd Swiss 12m+1s Starts at 1600hrs ST"]
[Site "Infinity Chess"]
[Date "2018.1.31"]
[Round "7"]
[White "hafaba"]
[Black "Ninja_Bp"]
[Result "1/2-1/2"]
[ECO "A05"]
[WhiteElo "2448"]
[BlackElo "2473"]
[WhiteEngine "SF_SL_FA_64BIT_POPCNT_CTG"]
[BlackEngine "Houdini 6_CTG"]
[EventType "Swiss"]
[WhiteTeam ""]
[BlackTeam ""]
[PlyCount "191"]
[TimeControl "720+1"]

1. Nf3 Nf6 2. d4 d5 3. Bf4 Bf5 4. e3 e6 5. c4 Bxb1 6. Rxb1 Bb4+ 7. Ke2 Bd6 
8. g3 O-O 9. Bg2 Bxf4 10. gxf4 Nbd7 11. Qb3 c5 12. Rhd1 Rc8 13. Qxb7 cxd4 
14. Nxd4 Rxc4 15. Nc6 Qb6 16. Qxb6 axb6 17. Rbc1 Ra4 18. a3 g6 19. Bf1 Nc5 
20. f3 Raa8 21. Kf2 Kg7 22. Nd4 Rfc8 23. b4 Nb7 24. Rxc8 Rxc8 25. Ba6 Rc7 
26. a4 Kf8 27. Ke2 Nd6 28. Bd3 Nd7 29. Ra1 Ke7 30. a5 bxa5 31. bxa5 Nc5 
32. a6 Rc8 33. e4 Kd7 34. Ke3 Nxd3 35. Kxd3 Ra8 36. exd5 exd5 37. Ra5 Ne8 
38. Nc2 Nc7 39. Nb4 f5 40. Ke3 Ra7 41. Kf2 Ra8 42. Ke3 Ra7 43. Kd2 Ra8 
44. Kc2 Ra7 45. Kd2 Ra8 46. h4 Ra7 47. Rc5 Ra8 48. Nxd5 Nxd5 49. Rxd5+ Kc7 
50. Ra5 Kb6 51. Ra4 Ka7 52. Rd4 Rb8 53. Kc3 Rc8+ 54. Rc4 Rd8 55. Rc6 Rd1 
56. Kc4 Rh1 57. Rc7+ Kxa6 58. Rxh7 Kb6 59. Kd5 Rh3 60. Rh6 Kc7 61. Rxg6 Rxh4 
62. Ke5 Kd8 63. Kxf5 Ke7 64. Rg7+ Kf8 65. Rb7 Rh6 66. Ra7 Rb6 67. Kg5 Rb3 
68. Kg4 Rb4 69. Kf5 Rb6 70. Kg5 Rb3 71. Kg4 Rb4 72. Rd7 Ra4 73. Rh7 Ra1 
74. Kg3 Rg1+ 75. Kf2 Ra1 76. Rc7 Ra5 77. Rb7 Ra3 78. Rh7 Ra1 79. Rd7 Rb1 
80. Ke3 Re1+ 81. Kf2 Rb1 82. Kg3 Rg1+ 83. Kh3 Rh1+ 84. Kg4 Rg1+ 85. Kh3 Rh1+ 
86. Kg4 Rg1+ 87. Kh4 Rf1 88. Kg3 Rg1+ 89. Kh4 Rf1 90. f5 Rxf3 91. Kg5 Rb3 
92. Kg6 Rg3+ 93. Kf6 Kg8 94. Rd8+ Kh7 95. Re8 Ra3 96. Re1 1/2-1/2

[Event "Wednesday Jan 31 Engine Tour 9 Rd Swiss 12m+1s Starts at 1600hrs ST"]
[Site "Infinity Chess"]
[Date "2018.1.31"]
[Round "7"]
[White "Eman"]
[Black "CrapCleaner"]
[Result "1/2-1/2"]
[ECO "D30"]
[WhiteElo "2483"]
[BlackElo "2449"]
[WhiteEngine "Eman 1.69 64-bit POPCNT"]
[BlackEngine "Eman 1.68c 64-bit BMI2_CTG"]
[EventType "Swiss"]
[WhiteTeam ""]
[BlackTeam ""]
[PlyCount "145"]
[TimeControl "720+1"]

1. d4 d5 2. c4 e6 3. Nf3 Nf6 4. Nc3 c6 5. e3 Nbd7 6. Bd3 dxc4 7. Bxc4 b5 
8. Bd3 Bb7 9. a3 a6 10. b4 a5 11. Rb1 Bd6 12. O-O O-O 13. Qc2 axb4 14. axb4 Re8 
15. Rd1 Qe7 16. e4 e5 17. Ne2 exd4 18. Nexd4 Qf8 19. Bg5 h6 20. Bh4 Bxb4 
21. Nxc6 Rac8 22. Bxb5 Bd6 23. Ba4 Ba8 24. Rbc1 Ba3 25. Ra1 Re6 26. Nfd4 Rxe4 
27. Nf5 Re6 28. Qb3 Bc5 29. Ncd4 Rb6 30. Qe3 Rcb8 31. Bg3 Rd8 32. Qe2 Ne4 
33. Nb3 Nc3 34. Qd3 Nxd1 35. Rxd1 Re6 36. Bxd7 Bc6 37. Nd6 Bxd6 38. Bxe6 Be7 
39. Nd4 fxe6 40. Re1 Bd5 41. Qe2 Qf6 42. Nc2 Qc3 43. Be5 Qc4 44. Qxc4 Bxc4 
45. Ne3 Bd3 46. Rc1 Rd7 47. h3 h5 48. Rc8+ Kf7 49. Nc4 Bxc4 50. Rxc4 Rd1+ 
51. Kh2 Bf6 52. Rc7+ Kg6 53. Bxf6 gxf6 54. g3 Rf1 55. Kg2 Rb1 56. Rc5 e5 
57. Kf3 Rb4 58. Rc3 Rb6 59. g4 hxg4+ 60. hxg4 Kg5 61. Kg3 Rb5 62. f3 Rb1 
63. Rc8 Rg1+ 64. Kf2 Ra1 65. Rc6 Ra2+ 66. Kg3 Ra1 67. Rc8 Rg1+ 68. Kf2 Rd1 
69. Rc5 Rd2+ 70. Ke3 Rb2 71. f4+ Kxg4 72. fxe5 fxe5 73. Rxe5 1/2-1/2

[Event "Wednesday Jan 31 Engine Tour 9 Rd Swiss 12m+1s Starts at 1600hrs ST"]
[Site "Infinity Chess"]
[Date "2018.1.31"]
[Round "7"]
[White "SkyPilot"]
[Black "Time_bandit"]
[Result "1/2-1/2"]
[ECO "C55"]
[WhiteElo "2505"]
[BlackElo "2485"]
[WhiteEngine "stockfish_x64_bmi2_2018_01_23_CTG"]
[BlackEngine "asmfish-popcnt-012018-W"]
[EventType "Swiss"]
[WhiteTeam ""]
[BlackTeam ""]
[PlyCount "105"]
[TimeControl "720+1"]

1. e4 e5 2. Nf3 Nc6 3. Bc4 Nf6 4. d3 Bc5 5. c3 d6 6. O-O a5 7. Re1 h6 
8. Nbd2 O-O 9. h3 a4 10. Bb5 Bd7 11. Nf1 Ne7 12. Bxd7 Qxd7 13. Ng3 Bb6 
14. d4 Rfe8 15. Be3 Qb5 16. Qc2 exd4 17. Bxd4 Bxd4 18. cxd4 Ra6 19. d5 c6 
20. dxc6 Nxc6 21. Re2 Re6 22. a3 Ra5 23. Rd1 Qc5 24. Qxc5 dxc5 25. e5 Ne8 
26. Rd5 Nc7 27. Rd7 Re7 28. Rxe7 Nxe7 29. Rd2 Rb5 30. Ne4 Ne6 31. Nc3 Rb3 
32. Rc2 Nd4 33. Nxd4 cxd4 34. Nxa4 b6 35. g3 g5 36. Kg2 Kf8 37. Kf1 Ke8 
38. Rc7 h5 39. Rb7 Nd5 40. Ke2 h4 41. gxh4 gxh4 42. Nc5 Nf4+ 43. Kd1 Rxb2 
44. Ne4 Kf8 45. Nd6 Rxf2 46. Rxf7+ Kg8 47. e6 Rf1+ 48. Kc2 d3+ 49. Kd2 Rf2+ 
50. Kd1 Rf1+ 51. Kd2 Rf2+ 52. Kd1 Rf1+ 53. Kd2 1/2-1/2

[Event "Wednesday Jan 31 Engine Tour 9 Rd Swiss 12m+1s Starts at 1600hrs ST"]
[Site "Infinity Chess"]
[Date "2018.1.31"]
[Round "7"]
[White "tris77"]
[Black "angriff"]
[Result "1/2-1/2"]
[ECO "B00"]
[WhiteElo "2427"]
[BlackElo "2440"]
[WhiteEngine "stockfish_18012814_x64_modern_CTG"]
[BlackEngine "SF_SL_FA_64BIT_POPCNT_CTG"]
[EventType "Swiss"]
[WhiteTeam ""]
[BlackTeam ""]
[PlyCount "117"]
[TimeControl "720+1"]

1. e4 Nc6 2. Nf3 e5 3. Bb5 a6 4. Ba4 Nf6 5. O-O Be7 6. Re1 b5 7. Bb3 O-O 
8. c3 d5 9. exd5 Nxd5 10. Nxe5 Nxe5 11. Rxe5 c6 12. Re1 Bd6 13. d4 Qh4 
14. g3 Qh3 15. Re4 g5 16. Qf1 Qxf1+ 17. Kxf1 Bf5 18. Re1 Rae8 19. Be3 Bd3+ 
20. Kg1 f5 21. Na3 f4 22. Bd2 a5 23. Nc2 a4 24. Nb4 Rxe1+ 25. Rxe1 axb3 
26. Nxd3 bxa2 27. Ra1 Ra8 28. Nc1 g4 29. gxf4 Bxf4 30. Bxf4 Nxf4 31. Rxa2 Re8 
32. Kf1 Kf7 33. b3 Ke6 34. Ra7 h5 35. Rc7 Kd5 36. Rf7 Ke4 37. Ne2 Nh3 
38. Ng3+ Kd3 39. Nxh5 Ra8 40. Kg2 Kxc3 41. Kg3 Kxb3 42. Kxg4 Ng1 43. Nf4 Rg8+ 
44. Kf5 Nf3 45. d5 cxd5 46. Nxd5 Rd8 47. Kf4 Rxd5 48. Kxf3 b4 49. Ke4 Rb5 
50. f3 Kc3 51. Rc7+ Kd2 52. Rd7+ Kc3 53. Rd3+ Kc2 54. Re3 b3 55. f4 b2 
56. Re1 b1=Q 57. Rxb1 Rxb1 58. f5 Ra1 59. Kd4 1/2-1/2

[Event "Wednesday Jan 31 Engine Tour 9 Rd Swiss 12m+1s Starts at 1600hrs ST"]
[Site "Infinity Chess"]
[Date "2018.1.31"]
[Round "7"]
[White "MCDermont"]
[Black "MarioDeMonti"]
[Result "1-0"]
[ECO "C55"]
[WhiteElo "2485"]
[BlackElo "2484"]
[WhiteEngine "BrainFish 060118_CTG"]
[BlackEngine "stockfish_x64_bmi2_2018_01_23_CTG"]
[EventType "Swiss"]
[WhiteTeam ""]
[BlackTeam ""]
[PlyCount "223"]
[TimeControl "720+1"]

1. e4 e5 2. Nf3 Nc6 3. Bc4 Nf6 4. d3 Bc5 5. c3 d6 6. Bb3 h6 7. O-O O-O 
8. Nbd2 a6 9. h3 Ba7 10. Re1 Re8 11. a4 Be6 12. Bxe6 Rxe6 13. b4 d5 14. Qc2 d4 
15. Bb2 dxc3 16. Bxc3 a5 17. b5 Nb4 18. Bxb4 axb4 19. Nc4 Nd7 20. a5 Bc5 
21. Reb1 Qe8 22. Ncd2 c6 23. b6 h5 24. g3 Bf8 25. Nc4 Bc5 26. Ncd2 g6 
27. Kg2 Qd8 28. h4 Qe8 29. Re1 Rf6 30. Nc4 Qe6 31. Rf1 Rxf3 32. Kxf3 Bd4 
33. Rab1 c5 34. Kg2 Nb8 35. Rbe1 Nc6 36. Qa4 Bc3 37. Re2 Qd7 38. Qd1 Ra6 
39. Ra2 Kg7 40. Rh1 Qe6 41. Ra4 Bd4 42. Rf1 Bc3 43. Ra2 Ra8 44. Qc2 Qd7 
45. Rc1 Ra6 46. Rf1 Qe6 47. Qa4 Qe7 48. Qd1 Qd7 49. Rh1 Qe6 50. Rg1 Qe7 
51. Ra4 Bd4 52. Rf1 Qd8 53. Ra2 Qe7 54. Qc1 Qe6 55. Ra4 Qe7 56. Qd1 Qd8 
57. Qb3 Bc3 58. Qc2 Qd7 59. Qd1 Ra8 60. Rh1 Nd4 61. Nxe5 Qb5 62. Nc4 Rf8 
63. Ne3 Rd8 64. Rf1 Rd7 65. Nd5 Rxd5 66. exd5 Qd7 67. Kh2 Qxd5 68. f4 Qc6 
69. Ra2 b3 70. Ra3 Qb5 71. f5 gxf5 72. a6 bxa6 73. Qc1 Qxd3 74. Rxb3 Nxb3 
75. Qg5+ Kf8 76. Qxf5 Qxf5 77. Rxf5 Na5 78. Rxc5 Bb4 79. Rxh5 Ke7 80. Rh8 Kd7 
81. h5 Bc5 82. Rb8 Bd4 83. h6 Kc6 84. Rf8 Kxb6 85. Rxf7 Nc6 86. h7 a5 
87. g4 Be5+ 88. Kg2 a4 89. Rf4 Nd4 90. Re4 Bg7 91. Re7 Bh8 92. Re8 Bg7 
93. Rb8+ Kc6 94. Rg8 Be5 95. Rg6+ Kd7 96. Rg5 Bf6 97. Rg8 Kd6 98. Rg6 Kd5 
99. Rxf6 Ne2 100. h8=Q Nc3 101. Qc8 Ne4 102. Qc6+ Kd4 103. Rd6+ Nxd6 
104. Qxd6+ Ke4 105. g5 a3 106. Qxa3 Kd4 107. g6 Ke5 108. g7 Kd5 109. g8=Q+ Kc6 
110. Qc4+ Kd7 111. Qa7+ Ke8 112. Qg8# 1-0

[Event "Wednesday Jan 31 Engine Tour 9 Rd Swiss 12m+1s Starts at 1600hrs ST"]
[Site "Infinity Chess"]
[Date "2018.1.31"]
[Round "7"]
[White "star99"]
[Black "KhalidOmar"]
[Result "1/2-1/2"]
[ECO "B92"]
[WhiteElo "2401"]
[BlackElo "2453"]
[WhiteEngine "Cryptic Heroes V4.2"]
[BlackEngine "Eman 1.69 64-bit BMI2"]
[EventType "Swiss"]
[WhiteTeam ""]
[BlackTeam ""]
[PlyCount "181"]
[TimeControl "720+1"]

1. e4 c5 2. Nf3 d6 3. d4 cxd4 4. Nxd4 Nf6 5. Nc3 a6 6. Be2 e5 7. Nb3 Be7 
8. O-O O-O 9. Be3 Be6 10. Qd3 Nc6 11. a3 Rc8 12. Rac1 Nd7 13. Rfd1 Nc5 
14. Nxc5 dxc5 15. Qxd8 Rfxd8 16. Nd5 Bxd5 17. Rxd5 Rxd5 18. exd5 Nd4 19. Bg4 Rd8 
20. c3 Nb3 21. Rd1 Bd6 22. Bf5 b5 23. g4 c4 24. Bc2 h6 25. Kg2 Nc5 26. h4 Kf8 
27. h5 Ke7 28. Kf3 Kd7 29. Ra1 Rb8 30. Re1 Re8 31. Bxc5 Bxc5 32. a4 b4 
33. cxb4 Bxb4 34. Re4 Rc8 35. Bb3 Kd6 36. Bxc4 a5 37. Kg2 Bd2 38. b3 g6 
39. hxg6 fxg6 40. Re2 Bg5 41. Rc2 e4 42. Re2 Re8 43. Kg3 Re5 44. f3 exf3 
45. Kxf3 Rxe2 46. Bxe2 Kxd5 47. Bd3 h5 48. Bxg6 h4 49. Be4+ Kd6 50. Kf2 Be7 
51. Kg2 Kc5 52. Bg6 Bf6 53. Bf7 Be7 54. Kh3 Kd4 55. Bg6 Kd5 56. Bf5 Bf6 
57. Bh7 Kc5 58. Kg2 Kb4 59. Bg8 Be7 60. Kh3 Kc3 61. Kh2 Bf6 62. Be6 Be7 
63. Kg2 Kd4 64. Bf5 Bg5 65. Bg6 Be7 66. Kh1 Kc3 67. Bf7 Kd4 68. Kh2 Bd8 
69. Kh1 Bg5 70. Kg2 Ke5 71. Bg8 Kf4 72. Kh3 Bf6 73. Be6 Kg5 74. Bc4 Kf4 
75. Be2 Ke5 76. Ba6 Bg5 77. Bd3 Be7 78. Bb5 Kd5 79. Bd7 Kc5 80. Bc8 Bg5 
81. Be6 Kd4 82. Bc4 Ke4 83. b4 Kd4 84. bxa5 Kxc4 85. a6 Be3 86. g5 Kd5 
87. Kg4 h3 88. Kxh3 Kc6 89. g6 Bd4 90. a5 Kc7 91. a7 1/2-1/2

[Event "Wednesday Jan 31 Engine Tour 9 Rd Swiss 12m+1s Starts at 1600hrs ST"]
[Site "Infinity Chess"]
[Date "2018.1.31"]
[Round "6"]
[White "ocirema"]
[Black "CrapCleaner"]
[Result "0-1"]
[ECO "C55"]
[WhiteElo "2431"]
[BlackElo "2433"]
[WhiteEngine "stockfish_18013111_x64_modern"]
[BlackEngine "Eman 1.68c 64-bit BMI2_CTG"]
[EventType "Swiss"]
[WhiteTeam ""]
[BlackTeam ""]
[PlyCount "204"]
[TimeControl "720+1"]

1. e4 e5 2. Nf3 Nc6 3. Bc4 Nf6 4. d3 Bc5 5. c3 d6 6. O-O O-O 7. Bg5 h6 8. Bh4 a6 
9. Nbd2 Ba7 10. Re1 Kh8 11. Bg3 g5 12. Bb3 Nh7 13. Nf1 h5 14. h4 g4 15. N3d2 f5 
16. exf5 Bxf5 17. Bc2 Nf6 18. Ne3 Bh7 19. Qc1 Qe7 20. a4 a5 21. Ne4 Nxe4 
22. dxe4 Qg7 23. Nd5 Nd8 24. Qd2 Ne6 25. Rad1 Rf7 26. Kh2 Bg6 27. Bb3 Rff8 
28. Bc2 Rf7 29. Bb3 Rff8 30. Bc2 Qh7 31. b4 axb4 32. cxb4 Rf7 33. Bb3 Nd4 
34. Ba2 Raf8 35. Kh1 c6 36. Ne3 Rf6 37. Bb1 Bf7 38. Qb2 Be6 39. a5 Qg7 
40. Kh2 R6f7 41. Rc1 Qh6 42. Bd3 Rg7 43. Ra1 Rc8 44. Ra3 Kg8 45. Rc3 Rf8 
46. Ra3 Rd8 47. a6 b5 48. Bb1 Rf7 49. Nf5 Bxf5 50. exf5 Re8 51. Rc3 Kf8 
52. Qa3 Bb6 53. Qc1 Qxc1 54. Rexc1 Rc7 55. Be4 c5 56. bxc5 dxc5 57. Ra3 Ba7 
58. f3 b4 59. Ra4 gxf3 60. gxf3 Ne2 61. Rc2 Nxg3 62. Kxg3 Rd7 63. Ra1 Rb8 
64. Bb7 Rd3 65. Rb1 Rbd8 66. Rcb2 Ra3 67. Kh2 c4 68. Rc2 b3 69. Rxc4 Rd2+ 
70. Kh3 Raa2 71. Rc8+ Ke7 72. Rh1 Be3 73. Rc7+ Kd6 74. Rcc1 Ke7 75. f6+ Kxf6 
76. Rcd1 Rxd1 77. Rxd1 Bf4 78. Rh1 b2 79. Rb1 Bc1 80. Kg2 Ra1 81. a7 Rxa7 
82. Be4 Ra4 83. Kf2 Rd4 84. Kf1 Ke7 85. Ke2 Ke6 86. Bg6 Rxh4 87. Kf2 Kf6 
88. Kg3 Kg5 89. Be4 Rh1 90. Kg2 Rd1 91. Kh3 h4 92. Bc2 Rg1 93. Kh2 Rg3 
94. Bb3 e4 95. Bc4 exf3 96. Bf1 Kg4 97. Kh1 h3 98. Bc4 Rg2 99. Bd5 Kg3 
100. Rxb2 Bxb2 101. Ba2 f2 102. Bb1 Rg1# 0-1

[Event "Wednesday Jan 31 Engine Tour 9 Rd Swiss 12m+1s Starts at 1600hrs ST"]
[Site "Infinity Chess"]
[Date "2018.1.31"]
[Round "6"]
[White "Dovahkiin"]
[Black "Dinkelberger"]
[Result "1/2-1/2"]
[ECO "C12"]
[WhiteElo "2357"]
[BlackElo "2380"]
[WhiteEngine "BrainFish_180128_x64_modern_CTG"]
[BlackEngine "stockfish_18013111_x64_modern_CTG"]
[EventType "Swiss"]
[WhiteTeam ""]
[BlackTeam ""]
[PlyCount "198"]
[TimeControl "720+1"]

1. e4 e6 2. d4 d5 3. Nc3 Nf6 4. Bg5 Bb4 5. e5 h6 6. Be3 Ne4 7. Qg4 Kf8 
8. Nge2 c5 9. dxc5 Nc6 10. O-O-O Bxc3 11. Nxc3 Nxc3 12. bxc3 Qa5 13. Kd2 Kg8 
14. Bd4 Qxa2 15. Bd3 Qa5 16. Ra1 Qc7 17. f4 a5 18. h4 a4 19. Bf2 a3 20. Rhb1 Na5 
21. Qf3 Nc4+ 22. Bxc4 dxc4 23. h5 Kh7 24. Qe4+ Kg8 25. g4 Bd7 26. Rxb7 Qc6 
27. Qxc6 Bxc6 28. Rc7 Bd5 29. c6 Kh7 30. Ba7 Bxc6 31. Ke2 Rhf8 32. Bc5 Rfc8 
33. Rxf7 Be4 34. Bxa3 Ra5 35. Ke3 Bd5 36. g5 hxg5 37. fxg5 Rca8 38. h6 R8a7 
39. Rxa7 Rxa7 40. hxg7 Ra8 41. g8=Q+ Kxg8 42. Bb2 Rxa1 43. Bxa1 Kg7 44. Bb2 Kg6 
45. Kf4 Bc6 46. Ba3 Ba4 47. Bc1 Bc6 48. Be3 Ba4 49. Bc1 Bxc2 50. Ba3 Bf5 
51. Bc5 Bd3 52. Bb6 Be2 53. Ke3 Bd3 54. Kf4 Bf5 55. Bf2 Bd3 56. Kg4 Be2+ 
57. Kf4 Bd3 58. Be3 Bf5 59. Bc1 Kf7 60. Ke3 Bd3 61. Ba3 Kg7 62. Be7 Kg6 
63. Kd4 Kf5 64. Bf6 Bf1 65. Kc5 Be2 66. Kd6 Bg4 67. Kc6 Kg6 68. Be7 Bh3 
69. Kb5 Bf1 70. Kb4 Kf5 71. Kb5 Bd3 72. Bf6 Kg6 73. Be7 Kf5 74. Bf6 Be2 
75. Kb6 Bg4 76. Kb7 Bh5 77. Kc6 Bg4 78. Kb7 Be2 79. Kb8 Bf3 80. Kc7 Kg6 
81. Kd7 Bg4 82. Kc6 Kf5 83. Kb5 Be2 84. Kc5 Bf1 85. Kd6 Bh3 86. Ke7 Kg6 
87. Ke8 Bf5 88. Ke7 Bg4 89. Kf8 Bh3 90. Be7 Bf5 91. Kg8 Bg4 92. Bf6 Bf3 
93. Be7 Bd1 94. Bd8 Bc2 95. Kf8 Bf5 96. Be7 Bb1 97. Ke8 Bf5 98. Kd7 Bg4 
99. Bf6 Bd1 1/2-1/2

[Event "Wednesday Jan 31 Engine Tour 9 Rd Swiss 12m+1s Starts at 1600hrs ST"]
[Site "Infinity Chess"]
[Date "2018.1.31"]
[Round "6"]
[White "star99"]
[Black "HOBO"]
[Result "1-0"]
[ECO "C52"]
[WhiteElo "2384"]
[BlackElo "2416"]
[WhiteEngine "Cryptic Heroes V4.2"]
[BlackEngine "stockfish_18011309_x64_modern_CTG"]
[EventType "Swiss"]
[WhiteTeam ""]
[BlackTeam ""]
[PlyCount "100"]
[TimeControl "720+1"]

1. e4 e5 2. Nf3 Nc6 3. Bc4 Bc5 4. b4 Bxb4 5. c3 Ba5 6. d4 exd4 7. Qb3 Qe7 
8. O-O Bb6 9. cxd4 Nxd4 10. Nxd4 Bxd4 11. Nc3 c6 12. Ba3 Qe5 13. Bxf7+ Kd8 
14. Bxg8 Bxc3 15. Rad1 Bd4 16. Kh1 a5 17. Bf7 Bc5 18. Bb2 Qe7 19. Bxg7 Rf8 
20. Bxf8 Qxf8 21. e5 Kc7 22. f4 Qg7 23. Rfe1 a4 24. Qc2 Bb4 25. Re4 Be7 
26. Bh5 Ra5 27. Rxa4 Rc5 28. Qd3 Bf8 29. Qd2 Rb5 30. Be2 Rc5 31. Bf3 Kb8 
32. Rd4 h6 33. a4 Qh7 34. Be4 Qf7 35. a5 Qe6 36. Rb1 Rb5 37. Rxb5 cxb5 
38. Rd5 b4 39. f5 Qc6 40. g3 Qc4 41. Qd3 Qxd3 42. Rxd3 Kc7 43. Rd1 b3 44. Rd3 d5 
45. exd6+ Bxd6 46. Rc3+ Kb8 47. Rxb3 Be7 48. a6 b5 49. Rxb5+ Ka7 50. Bb7 Bd7 1-0

[Event "Wednesday Jan 31 Engine Tour 9 Rd Swiss 12m+1s Starts at 1600hrs ST"]
[Site "Infinity Chess"]
[Date "2018.1.31"]
[Round "6"]
[White "ivrdurant"]
[Black "Satria_Ungu"]
[Result "1/2-1/2"]
[ECO "C50"]
[WhiteElo "2386"]
[BlackElo "2366"]
[WhiteEngine "Raubfisch X37c_CTG"]
[BlackEngine "Houdini 6_CTG"]
[EventType "Swiss"]
[WhiteTeam ""]
[BlackTeam ""]
[PlyCount "105"]
[TimeControl "720+1"]

1. e4 e5 2. Nf3 Nc6 3. Bc4 Bc5 4. O-O Nf6 5. d3 h6 6. c3 d6 7. Nbd2 Bb6 
8. Bb3 O-O 9. h3 a5 10. Re1 Be6 11. Ba4 Ne7 12. Bc2 Ng6 13. d4 c6 14. Nf1 Re8 
15. Bd2 Bc7 16. a4 Qe7 17. Ng3 Qd8 18. b3 Qd7 19. Qc1 Rad8 20. Be3 d5 
21. Bxh6 gxh6 22. dxe5 Nh7 23. Qxh6 Qe7 24. exd5 Bxd5 25. e6 Qf8 26. exf7+ Bxf7 
27. Qh5 Rd5 28. Nf5 Bf4 29. Rxe8 Qxe8 30. Re1 Qd7 31. N3h4 Nf6 32. Qf3 Nxh4 
33. Qxf4 Nxf5 34. c4 Rd4 35. Qg5+ Ng7 36. Qxf6 Qd6 37. Qxd6 Rxd6 38. Re7 b5 
39. cxb5 cxb5 40. Ra7 b4 41. Rxa5 Rc6 42. Be4 Rc3 43. h4 Bxb3 44. Rb5 Bxa4 
45. Bd5+ Kh7 46. Rxb4 Bc6 47. Bxc6 Rxc6 48. g4 Rh6 49. h5 Nxh5 50. gxh5 Rxh5 
51. Kg2 Re5 52. Rb7+ Kg6 53. Rb6+ 1/2-1/2